AoeStats
← 739697286

Arena

505177762Analyzed
4v4 RM · 26d ago on Sep 8, 2026· 13m 57s· 8 players
Game mode
Random Map
Map size
Large (8 player)
Population
200
Speed
Normal
Resources
Standard
Victory
Conquest
Starting age
Dark Age
Ending age
Imperial Age
RankedLock teamsTeams togetherTeam positionsShared explorationLock speedFull tech treeHidden civsTurbo modeCheats
Victory
Defeat
🇨🇦 Burmese · Canada
1967
+3
🇺🇸 Bohemians · United States
1620
+11
🇺🇸 Dravidians · United States
1592
+11
🇺🇸 Tupi · United States
1355
+21
🇨🇳 Slavs · China
1713
-20
🇨🇳 Burgundians · China
1497
-10
🇻🇳 Berbers · Vietnam
1454
-9
🇲🇽 Khitans · Mexico
1405
-7
LY006
Bis
[GDL] ColimoteStudioS
739697286
5:01 Double-Bit Axe
OS+ | slam
9:32 Feudal Age
KSGabriel
10:55 Feudal Age
14:40 Castle Age
12:55 Double-Bit Axe
13:06 Horse Collar
the fgzb
10:00 Feudal Age
14:35 Castle Age
12:54 Champi Runner
13:51 Forging
Papa JaM JaM
6:04 Loom
8:28 Feudal Age
9:56 Wheelbarrow
9:42 Double-Bit Axe
13:53 Horse Collar
Connection lost

Rejoining the realm…

Still unreachable

The connection could not be restored.

Session expired

The server has moved on; the page needs a fresh start.